 Dungeon Crawl Stone Soup version 0.20-a0-350-ga83eecc (webtiles) character file.

9641 RonnieColeman the Thaumaturge (level 11, -3/91 HPs)
             Began as a Deep Elf Conjurer on Dec 23, 2016.
             Was a Priest of Vehumet.
             Slain by a two-headed ogre
             ... wielding a +0 giant club
              (20 damage)
             ... on level 10 of the Dungeon.
             The game lasted 00:33:08 (9058 turns).

RonnieColeman the Thaumaturge (Deep Elf Conjurer)   Turns: 9058, Time: 00:33:09

Health: -3/91      AC: 25    Str: 10    XL:     11   Next: 25%
Magic:  3/29       EV:  2    Int: 24    God:    Vehumet [***...]
Gold:   455        SH:  7    Dex: 20    Spells: 11/34 levels left

rFire  + . .     SeeInvis .     F - +10 dagger of Pogreexon {pierce, rF+}
rCold  . . .     Gourm    .     (armour currently unavailable)
rNeg   + + +     Faith    .     o - +1 buckler
rPois  +         Spirit   .     (helmet currently unavailable)
rElec  .         Reflect  .     (cloak currently unavailable)
rCorr  .         Harm     .     (gloves currently unavailable)
MR     +....     NoTele   +     (boots currently unavailable)
Stlth  ++++......               (no amulet)
                                S - ring of stealth
                                j - +2 ring of evasion

@: mighty, agile, tree-form, hasted, very quick
A: no striking features
a: Renounce Religion


You were on level 10 of the Dungeon.
You worshipped Vehumet.
Vehumet was most pleased with you.
You were not hungry.
You were a tree.
You visited 2 branches of the dungeon, and saw 11 of its levels.

You collected 455 gold pieces.

Inventory:

Hand Weapons
 B - a +3 spear of venom
 F - the +10 dagger of Pogreexon (weapon) {pierce, rF+}
   (You found it on level 9 of the Dungeon)

   It inflicts extra damage upon your enemies.
   It protects you from fire.
Armour
 e - a +2 robe of magic resistance (melded)
 o - a +1 buckler (worn)
 C - a +0 helmet (melded)
Magical Staves
 s - an uncursed staff of energy
Jewellery
 j - a +2 ring of evasion (left branch)
 k - an uncursed ring of ice
 u - an uncursed ring of resist corrosion
 H - an uncursed ring of protection from cold
 S - a ring of stealth (right branch)
Wands
 a - a wand of iceblast (7/15)
 y - a wand of digging (24/24)
Scrolls
 i - 2 scrolls of amnesia
 n - 4 scrolls of teleportation
 p - 2 scrolls of identify
 x - 2 scrolls of enchant armour
 P - a scroll of enchant weapon
 Q - 2 scrolls of fog
Potions
 f - a potion of magic
 g - 5 potions of curing
 h - 2 potions of flight
 m - 2 potions of agility
 r - a potion of beneficial mutation
 t - a potion of haste
 A - a potion of cure mutation
 D - a potion of invisibility {unknown}
 E - a potion of lignification
 I - a potion of ambrosia {unknown}
Books
 b - a book of Conjurations

   Spells                             Type                      Level
   a - Magic Dart                     Conjuration                  1
   b - Searing Ray                    Conjuration                  2
   c - Dazzling Spray                 Conjuration/Hexes            3
   d - Fulminant Prism                Conjuration/Hexes            4
   e - Iskenderun's Mystic Blast      Conjuration                  4
   f - Iskenderun's Battlesphere      Conjuration/Charms           5
 K - a book of Enchantments

   Spells                             Type                      Level
   a - Cause Fear                     Hexes                        4
   b - Yara's Violent Unravelling     Hexes/Transmutation          5
   c - Silence                        Hexes/Air                    5
   d - Deflect Missiles               Charms/Air                   6
   e - Discord                        Hexes                        8
 N - a book of Necromancy

   Spells                             Type                      Level
   a - Pain                           Necromancy                   1
   b - Animate Skeleton               Necromancy                   1
   c - Vampiric Draining              Necromancy                   3
   d - Regeneration                   Charms/Necromancy            3
   e - Animate Dead                   Necromancy                   4
   f - Control Undead                 Necromancy                   4
Comestibles
 c - 7 bread rations
 d - 7 meat rations
 l - 9 slices of pizza
 z - 5 beef jerkies
 M - 19 fruits
 T - a royal jelly


   Skills:
 + Level 4.0 Fighting
 + Level 1.3 Short Blades
 - Level 2.4 Dodging
 - Level 2.4 Stealth
 - Level 5.0 Shields
 * Level 12.1 Spellcasting
 + Level 10.5 Conjurations
 + Level 9.8 Charms
 - Level 3.4 Necromancy
 * Level 3.5 Fire Magic
 * Level 3.5 Air Magic


You had 11 spell levels left.
You knew the following spells:

 Your Spells              Type           Power        Failure   Level  Hunger
a - Magic Dart            Conj           ####         1%          1    None
b - Iskenderun's Battles  Conj/Chrm      ######..     1%          5    ###....
c - Iskenderun's Mystic   Conj           ######..     1%          4    None
d - Sticky Flame          Conj/Fire      #####...     1%          4    None
g - Deflect Missiles      Chrm/Air       #####.....   45%         6    #####..
n - Regeneration          Chrm/Necr      #####.....   1%          3    None


Dungeon Overview and Level Annotations

Branches:
Dungeon (10/15)            Temple (1/1) D:6
   Lair: D:8-11         Orc: D:9-12

Altars:
Ashenzari
Cheibriados
Dithmenos
Elyvilon
Fedhas
Gozag
Hepliaklqana
Kikubaaqudgha
Makhleb
Nemelex Xobeh
Okawaru
Qazlal
Ru
Sif Muna
Trog
Uskayaw
Vehumet
Xom
Yredelemnul
Zin
The Shining One

Shops:
D:4 }


Message History

The ogre mage hits you but does no damage.
The two-headed ogre hits you but does no damage. x2
The ogre mage hits you but does no damage.
The two-headed ogre hits you with a giant club.
The two-headed ogre hits you but does no damage.
The ogre mage hits you but does no damage.
The two-headed ogre hits you with a giant club.
* * * LOW HITPOINT WARNING * * *
The two-headed ogre hits you but does no damage.
The ogre mage hits you but does no damage.
The ogre mage hits you but does no damage.
The two-headed ogre barely misses you.
The two-headed ogre hits you with a giant club.
* * * LOW HITPOINT WARNING * * *
You can move again.
Okay, then.
You feel yourself speed up. The ogre mage hits you with a whip.
* * * LOW HITPOINT WARNING * * *
The two-headed ogre hits you with a giant club!!
You die...

#...#.........#####.
# #.....#.......# ##
#.##........#.##.#
#.>......##.#.##.#
####.....##.#.##.#
####.....##.#...#.
#.............## #
#.####.####.#.#
#.##)####♣# #....
#.....OOOO# ###.#
####.###### #.# #.#
#.# #O#


OO. W. You could see a two-headed ogre, an ogre mage and 2 ogres.

Vanquished Creatures
  A hydra (D:9)
  4 two-headed ogres
  The ghost of wemp the Basher, a novice MiBe of Uskayaw (D:5)
  A gargoyle (D:9)
  Grinder (D:3)
  2 dream sheep (D:9)
  A vampire (D:9)
  2 yaks (D:9)
  2 hungry ghosts
  Menkaure (D:4)
  A water moccasin (D:5)
  A phantom (D:9)
  A sky beast (D:7)
  An ice beast (D:7)
  A black bear (D:5)
  4 ogres
  2 centaurs
  The ghost of RonnieColeman the Conjurer, an amateur OpCj (D:3)
  4 big kobolds (D:9)
  4 bullfrogs
  A gnoll sergeant (D:6)
  5 scorpions
  11 killer bees
  5 wights (D:6)
  A howler monkey (D:6)
  A centaur zombie (D:9)
  6 crimson imps
  7 orc priests
  2 bullfrog zombies
  7 hounds
  A centaur skeleton (D:8)
  A gnoll shaman (D:6)
  A bullfrog skeleton (D:9)
  15 orc wizards
  An iguana (D:8)
  8 worker ants
  A hound zombie (D:6)
  A hound skeleton (D:5)
  Robin (D:3)
  7 gnolls
  7 adders
  2 shadow imps
  An adder skeleton (D:9)
  An adder zombie (D:5)
  6 worms
  2 dart slugs (D:1)
  7 leopard geckos
  49 orcs
  4 ball pythons
  6 bats
  7 giant cockroaches
  13 goblins
  11 hobgoblins
  21 jackals
  6 quokkas
  4 frilled lizards
  A jackal zombie (D:6)
  8 kobolds
  A leopard gecko skeleton (D:4)
  4 rats
280 creatures vanquished.

Notes
Turn   | Place    | Note
-------+----------+-------------------------------------------
     0 | D:1      | RonnieColeman the Deep Elf Conjurer began the quest for the Orb.
     0 | D:1      | Reached XP level 1. HP: 10/10 MP: 6/6
    86 | D:1      | Reached XP level 2. HP: 6/15 MP: 1/8
   209 | D:1      | Reached skill level 5 in Conjurations
   485 | D:1      | Reached XP level 3. HP: 14/19 MP: 2/10
   722 | D:2      | Found an iron altar of Okawaru.
   944 | D:2      | Found a faded altar of an unknown god.
   989 | D:2      | Reached skill level 4 in Spellcasting
  1532 | D:3      | Reached XP level 4. HP: 22/24 MP: 8/12
  1543 | D:3      | Learned a level 4 spell: Iskenderun's Mystic Blast
  1562 | D:3      | Noticed RonnieColeman's ghost (amateur OpCj)
  1726 | D:4      | Noticed Menkaure
  1729 | D:4      | Killed Menkaure
  1729 | D:4      | Reached skill level 5 in Spellcasting
  1729 | D:4      | Reached XP level 5. HP: 16/28 MP: 0/14
  1841 | D:4      | Learned a level 5 spell: Iskenderun's Battlesphere
  1858 | D:3      | Reached skill level 1 in Charms
  2058 | D:3      | Noticed Grinder
  2084 | D:3      | Killed RonnieColeman's ghost
  2084 | D:3      | Reached XP level 6. HP: 12/32 MP: 2/16
  2378 | D:3      | Killed Grinder
  2378 | D:3      | Reached skill level 6 in Spellcasting
  2378 | D:3      | Reached XP level 7. HP: 29/36 MP: 0/18
  2555 | D:3      | Noticed Robin
  2557 | D:3      | Killed Robin
  3203 | D:3      | Reached skill level 5 in Charms
  3257 | D:4      | Found Icisuokhlyf's Gadget Emporium.
  3862 | D:5      | Entered Level 5 of the Dungeon
  4324 | D:5      | Reached skill level 7 in Spellcasting
  4324 | D:5      | Reached XP level 8. HP: 41/41 MP: 11/20
  4602 | D:5      | Noticed wemp's ghost (novice MiBe)
  5037 | D:5      | Killed wemp's ghost
  5187 | D:6      | Reached skill level 8 in Spellcasting
  5215 | D:6      | Found a staircase to the Ecumenical Temple.
  5220 | Temple   | Entered the Ecumenical Temple
  5242 | Temple   | Became a worshipper of Vehumet
  5353 | D:6      | Found a sacrificial altar of Ru.
  5436 | D:6      | Reached skill level 1 in Fighting
  5438 | D:6      | Reached XP level 9. HP: 47/47 MP: 3/23
  6121 | D:7      | Reached skill level 1 in Shields
  6121 | D:7      | Reached skill level 9 in Spellcasting
  6284 | D:7      | Reached * piety under Vehumet
  6284 | D:7      | Offered knowledge of Freeze by Vehumet.
  6336 | D:7      | Learned a level 3 spell: Regeneration
  6826 | D:8      | Reached skill level 10 in Spellcasting
  6981 | D:8      | Noticed a two-headed ogre
  6986 | D:8      | Killed a two-headed ogre
  6986 | D:8      | Reached skill level 10 in Conjurations
  7037 | D:8      | Reached XP level 10. HP: 55/55 MP: 4/26
  7209 | D:8      | Offered knowledge of Shock by Vehumet.
  7225 | D:8      | Reached ** piety under Vehumet
  7502 | D:8      | Reached skill level 1 in Necromancy
  7648 | D:8      | Reached skill level 11 in Spellcasting
  7835 | D:9      | Noticed a gargoyle
  7838 | D:9      | Killed a gargoyle
  7838 | D:9      | Offered knowledge of Static Discharge by Vehumet.
  7918 | D:8      | Learned a level 6 spell: Deflect Missiles
  8041 | D:9      | Reached *** piety under Vehumet
  8046 | D:9      | Reached skill level 1 in Air Magic
  8240 | D:9      | Offered knowledge of Sticky Flame by Vehumet.
  8256 | D:9      | Learned a level 4 spell: Sticky Flame
  8348 | D:9      | Got a brightly glowing dagger
  8349 | D:9      | Identified the +10 dagger of Pogreexon {pierce, rF+} (You found it on level 9 of the Dungeon)
  8431 | D:9      | Reached skill level 1 in Fire Magic
  8472 | D:9      | Noticed a three-headed hydra
  8488 | D:9      | Found a sparkling altar of Nemelex Xobeh.
  8532 | D:9      | Killed a three-headed hydra
  8532 | D:9      | Reached skill level 5 in Shields
  8934 | D:10     | Entered Level 10 of the Dungeon
  9010 | D:10     | Reached XP level 11. HP: 60/60 MP: 21/28
  9024 | D:10     | Noticed a two-headed ogre
  9031 | D:10     | Killed a two-headed ogre
  9034 | D:10     | Noticed a two-headed ogre
  9036 | D:10     | Noticed an ogre mage
  9036 | D:10     | Noticed a two-headed ogre
  9036 | D:10     | Noticed a two-headed ogre
  9045 | D:10     | Killed a two-headed ogre
  9045 | D:10     | Reached skill level 1 in Short Blades
  9045 | D:10     | Reached skill level 12 in Spellcasting
  9047 | D:10     | Killed a two-headed ogre
  9049 | D:10     | HP: 1/61 [two-headed ogre/giant club (15)]
  9053 | D:10     | Paralysed by an ogre mage for 5 turns
  9058 | D:10     | Slain by a two-headed ogre

Vault maps used:
D:1:      lemuel_arrival_lava_pool
D:2:      chequers_ecumenical_altar_simple_redux, okawaru_metal_pillars_1_2
D:3:      serial_corexii_hall, corexii_hall_statues_t, corexii_hall_statues_s,
          uniq_robin, uniq_grinder
D:4:      serial_shops, nicolae_shop_waterfront, first_bread, uniq_menkaure
D:5:      hangedman_abyss_or_decor_stabs, kennysheep_generic_room_8
D:6:      roderic_roman_lattice, st_stairs_11, serial_bayou_pond_d,
          hangedman_ru_absence
D:7:      kennysheep_nondescript, serial_bayou_pond_c
D:8:      serial_glass, glass_columns_b, glass_columns_a, glass_columns_c,
          glass_columns_b, glass_columns_b, glass_columns_c,
          minmay_strange_pillars, minmay_strange_pillars
D:9:      hangedman_ranch, nemelex_lonely_heart_becter
D:10:     david_lair_generic, abandoned_shop, grunt_ministairs_4,
          minmay_misc_feat_pillars, minmay_misc_feat_square, dk_vineyard_2,
          minmay_statues_item, minmay_misc_feat_doors, trog_wizard
Temple:   grunt_wide_crystal_templ

Skill      XL: |  1  2  3  4  5  6  7  8  9 10 11 |
---------------+----------------------------------+-----
Conjurations   | 5 6 7 8 9 10 | 10.5
Spellcasting   | 4 5 6 7 8 10 11 12 | 12.1
Charms         | 2 4 7 9 |  9.8
Fighting       | 1 2 3 4 |  4.0
Shields        | 3 5 |  5.0
Necromancy     | 3 |  3.4
Air Magic      | 2 3 |  3.5
Fire Magic     | 2 3 |  3.5
Short Blades   | 1 |  1.3
Dodging        | |  2.4
Stealth        | |  2.4

Action                   |  1- 3 |  4- 6 |  7- 9 | 10-12 || total
-------------------------+-------+-------+-------+-------++-------
Melee: Short sword       |     2 |       |       |       ||     2
       Staff             |       |     3 |     2 |       ||     5
       Spear             |       |       |   119 |     6 ||   125
       Dagger            |       |       |       |    10 ||    10
 Cast: Magic Dart        |    81 |    35 |   164 |    96 ||   376
       Iskenderun's Myst |       |    10 |    61 |    39 ||   110
       Iskenderun's Batt |       |       |    19 |    18 ||    37
  Use: Scroll            |       |       |     2 |    22 ||    24
       Potion            |       |       |       |     5 ||     5
 Stab: Sleeping          |       |       |     2 |     2 ||     4
  Eat: Chunk             |     1 |     4 |    21 |     9 ||    35
Armor: Robe              |     6 |       |    25 |     3 ||    34
       Skin              |       |       |       |     9 ||     9
Dodge: Dodged            |    10 |     6 |   100 |    27 ||   143
Block: Buckler           |       |       |       |     8 ||     8
